 Dungeon Crawl Stone Soup version 0.28.0-45-g0d030f2227 (webtiles) character file.

Game seed: 11805637689289265373

24 DemonSlayer the Magician (level 2, 0/31 HPs)
             Began as a Demonspawn Hedge Wizard on Mar 31, 2022.
             Succumbed to an adder's poison
             ... on level 2 of the Dungeon.
             The game lasted 00:01:23 (1052 turns).

DemonSlayer the Magician (Demonspawn Hedge Wizard)  Turns: 1052, Time: 00:01:24

Health: 0/31       AC: 21    Str: 10    XL:     2   Next: 79%
Magic:  9/15       EV:  2    Int: 15    God:
Gold:   7          SH:  0    Dex: 12    Spells: 6/7 levels left

rFire   . . .      SeeInvis .   a - +0 dagger
rCold   . . .      Faith    .   (no shield)
rNeg    . . .      Spirit   .   (armour currently unavailable)
rPois   +          Reflect  .   (helmet currently unavailable)
rElec   .          Harm     .   (cloak currently unavailable)
rCorr   .          Rampage  .   (gloves currently unavailable)
Will    .....      Clarity  +   (boots currently unavailable)
Stlth   ++........ NoTele   +   (no amulet)
HPRegen 0.10/turn               i - ring of magical power
MPRegen 0.14/turn               (no ring)

@: lethally poisoned (0 -> -5), tree-form, very slightly contaminated
A: stationary, stasis, torment immunity, boosted hp, (horns 1), clarity,
(deformed body)
a: no special abilities


You were on level 2 of the Dungeon.
You were a tree.
You visited 1 branch of the dungeon, and saw 2 of its levels.

You collected 7 gold pieces.

Inventory:

Hand Weapons
 a - a +0 dagger (weapon)
Armour
 b - a +0 robe (melded)
 c - a +0 hat (melded)
Magical Staves
 j - a staff of fire
Jewellery
 i - a ring of magical power (left branch)
 k - a ring of flight
Scrolls
 e - 3 scrolls of teleportation {unknown}
 h - a scroll of identify {unknown}
Potions
 g - a potion of brilliance {unknown}


   Skills:
 + Level 1.1 Fighting
 + Level 1.9 Dodging
 + Level 2.1 Stealth
 + Level 3.4 Spellcasting
 + Level 1.0 Conjurations
 + Level 1.0 Summonings
 + Level 0.8 Translocations


You had 6 spell levels left.
You knew the following spells:

 Your Spells              Type           Power      Damage    Failure   Level
a - Magic Dart            Conj           20%        1d4       13%         1

Your spell library contained the following spells:

 Spells                   Type           Power      Damage    Failure   Level
 Animate Skeleton         Necr           4%         N/A       19%         1
 Pain                     Necr           8%         1d4       19%         1
 Slow                     Hex            8%         N/A       19%         1
 Call Imp                 Summ           5%         N/A       19%         2
 Blink                    Tloc           10%        N/A       21%         2
 Conjure Flame            Conj/Fire      4%         6-21      43%         3
 Mephitic Cloud           Conj/Pois/Air  3%         N/A       45%         3
 Vampiric Draining        Necr           2%         2d6       50%         3


Dungeon Overview and Level Annotations

Branches:
Dungeon (2/15)

Altars:

Shops:
D:2 [


Innate Abilities, Weirdness & Mutations

You are a tree.
Your roots penetrate the ground, keeping you stationary.
You cannot be teleported.
You are immune to unholy pain and torment.
Your maximum health is greatly increased.
Your equipment is partially melded.
((You have a pair of small horns on your head.))
You possess an exceptional clarity of mind.
((Armour fits poorly on your strangely shaped body.))


Message History

The adder bites you.
The magic dart hits the adder.
The adder is severely wounded.
The adder bites you but does no damage.
You miscast Magic Dart.
You are very lightly contaminated with residual magic.
Nothing appears to happen.
The adder barely misses you.
You miscast Magic Dart.
Nothing appears to happen.
The adder closely misses you. x2
You hit the adder but do no damage.
The adder is severely wounded.
The adder bites you.
You are poisoned.
The adder poisons you!
You hit the adder. Your headbutt misses the adder.
The adder is almost dead.
You feel sick. The adder closely misses you.
You closely miss the adder. Your headbutt misses the adder.
The adder is almost dead.
You feel sick. The adder bites you. x2
You are lethally poisoned!
The adder poisons you!
You are too injured to fight recklessly!
You hit the adder.
You kill the adder!
* * * LOW HITPOINT WARNING * * *
You feel sick.
Your Fighting skill increases to level 1!
Found Merch's Armour Boutique.
Found a stone staircase leading down.
* * * LOW HITPOINT WARNING * * *
You feel sick.
You see here an adder corpse.
It was a potion of mutation.
You feel extremely strange.
Your body twists and deforms.
Your thoughts seem clearer.
* * * LOW HITPOINT WARNING * * *
You feel sick.
It was a potion of lignification.
You turn into a tree.
Your +0 hat melds into your body.
Your +0 robe melds into your body.
Your roots penetrate the ground.
You die...

#. # #.. . #. ...
.. >. #.#####.#.
#.##....)....
.........∩.
#.<....... #.♣#.#
## #####..#.# ..
#......#.# .# #
#.###..#.##)# ..#
...##..#.(..#....
..................
#...#####.........
##. #.####.##. #.#


There were no monsters in sight!

Vanquished Creatures
  2 adders (D:2)
  2 bats
  An endoplasm (D:1)
  2 goblins (D:1)
7 creatures vanquished.

Notes
Turn   | Place    | Note
-------+----------+-------------------------------------------
     0 | D:1      | DemonSlayer the Demonspawn Hedge Wizard began the quest for
                  | the Orb.
     0 | D:1      | Reached XP level 1. HP: 13/13 MP: 4/4
   706 | D:1      | Found a faded altar of an unknown god.
   979 | D:2      | Gained mutation: You have a pair of small horns on your
                  | head. [demonic ancestry]
   979 | D:2      | Reached XP level 2. HP: 19/19 MP: 6/6
  1050 | D:2      | Reached skill level 1 in Fighting
  1050 | D:2      | Found Merch's Armour Boutique.
  1051 | D:2      | Gained mutation: Armour fits poorly on your strangely
                  | shaped body. [potion of mutation]
  1051 | D:2      | Gained mutation: You possess an exceptional clarity of
                  | mind. [potion of mutation]
  1051 | D:2      | HP: 1/21 [poisoned by an adder]
  1052 | D:2      | Succumbed to an adder's poison

Illustrated notes

Levels and vault maps discovered:
D:1:      eino_arrival_water_star, layout_loops_corners,
          shapermc_ecumenical_altar_ellora
D:2:      minmay_angry_zag, layout_loops_ring, serial_shops, shop,
          nicolae_shop_trees, nicolae_lakefront_shop, shop, basic_altar

Skill      XL: |  1  2 |
---------------+-------+-----
Stealth        | 2 |  2.1
Fighting       | 1 |  1.1
Dodging        | |  1.9
Spellcasting   | |  3.4
Conjurations   | |  1.0
Summonings     | |  1.0
Translocations | |  0.8

Action                   || total
-------------------------++-------
Melee: Dagger            ||    14
 Cast: Magic Dart        ||    13
  Use: Potion            ||     2
 Stab: Sleeping          ||     2
Armor: Robe              ||     6
Dodge: Dodged            ||    10
